 Dungeon Crawl Stone Soup version 0.16.0-11-gd45b091 (webtiles) character file.

1719610 HungrySpirit the Victor of a Thousand Battles (level 27, 184/184 HPs)
             Began as a Gargoyle Air Elementalist on Mar 17, 2015.
             Was the Champion of Okawaru.
             Escaped with the Orb
             ... and 3 runes!
             The game lasted 04:27:59 (67045 turns).

HungrySpirit (GrAE)                                Turns: 67045, Time: 04:27:59

Health: 184/184    AC: 63    Str: 26    XL:     27
Magic:  43/43      EV: 16    Int: 14    God:    Okawaru [******]
Gold:   7255       SH: 17    Dex: 18    Spells: 0 memorised, 30 levels left

rFire  + + +     SeeInvis .     Z - +9 demon whip (elec)
rCold  + + +     Clarity  .     X - +4 gold dragon armour
rNeg   + . .     SustAb   .     z - +2 shield
rPois  ∞         Gourm    .     M - +2 helmet of the Beggar {-Cast rF+ Str+5 Int-3 Dex+4}
rElec  +         Spirit   .     Q - +4 dragonskin cloak
rCorr  .         Warding  .     b - +2 pair of gloves {Dex+3}
rMut   +         Stasis   .     Y - +0 pair of boots
MR     ++++.     NoCast   +     w - amulet of resist mutation
Stlth  ..........               x - ring of protection from cold
                                I - ring "Riplymao" {MR+ Slay+6}

@: incredibly resistant to hostile enchantments, extremely unstealthy
A: able to fly continuously, big wings, talons 1, clumsy 1, magic resistance 1,
negative energy resistance 1, electricity resistance, slow healing 1,
unbreathing, petrification resistance, rot immunity, AC +20
a: Fly, Heroism, Finesse, Renounce Religion
0: Orb of Zot
}: 3/15 runes: decaying, serpentine, silver


You escaped.
You worshipped Okawaru.
Okawaru was exalted by your worship.
You were full.

You visited 10 branches of the dungeon, and saw 58 of its levels.
You visited 1 ziggurat, and saw 5 of its levels.
You also visited: Labyrinth, Ossuary and Ice Cave.

You collected 10088 gold pieces.
You spent 2833 gold pieces at shops.

Inventory:

Hand weapons
 h - the +6 eveningstar "Struf" {drain, rF+ MR+}
   (Okawaru gifted it to you on level 3 of the Swamp)

   A truly terrible weapon, it drains the life of those it strikes.
   It protects you from fire.
   It affects your resistance to hostile enchantments.
 i - a +6 great mace of flaming
 n - the +10 sword of Jihad {holy, *Rage rN+ EV+3 Stlth-}
   (You found it on level 3 of the Elven Halls)

   It has been blessed by the Shining One to cause great damage to the undead
   and demons.
   It affects your evasion (+3).
   It protects you from negative energy.
   It may make you go berserk in combat.
   It makes you less stealthy.
 v - the +7 great mace "Undeadhunter" {disrupt, rN+}
   (You bought it in a shop on level 7 of the Dungeon)

   It protects you from negative energy.
 Z - a +9 demon whip of electrocution (weapon)
Missiles
 S - a throwing net (quivered)
Armour
 b - a +2 pair of gloves of dexterity (worn)
 z - a +2 shield (worn)
 M - the +2 helmet of the Beggar (worn) {-Cast rF+ Str+5 Int-3 Dex+4}
   (Okawaru gifted it to you on level 2 of the Snake Pit)

   It affects your strength (+5).
   It affects your intelligence (-3).
   It affects your dexterity (+4).
   It protects you from fire.
   It prevents spellcasting.
 Q - the +4 dragonskin cloak (worn)
   (You took it off Tiamat on level 1 of the Realm of Zot)
 X - a +4 gold dragon armour (worn)
 Y - a +0 pair of boots (worn)
Jewellery
 e - the ring of the Manifold Wishes {AC+1 Dex+5}
   (You found it on level 7 of the Lair of Beasts)

   [ring of protection]

   It affects your AC (+1).
   It affects your dexterity (+5).
 w - an amulet of resist mutation (around neck)
 x - a ring of protection from cold (right hand)
 I - the ring "Riplymao" (left hand) {MR+ Slay+6}
   (You found it on level 3 of the Crypt)

   [ring of protection from magic]

   It affects your accuracy and damage with ranged weapons and melee attacks
   (+6).
   It affects your resistance to hostile enchantments.
 O - an uncursed ring of protection from fire
Magical devices
 o - a wand of teleportation (7)
 q - a wand of digging (11)
 u - a wand of teleportation (9)
 J - a wand of teleportation (5)
 U - a wand of heal wounds (8)
 W - a wand of digging (8)
Scrolls
 l - 10 scrolls of identify
 t - 11 scrolls of fear
 y - 17 scrolls of recharging
 B - 34 scrolls of remove curse
 D - 21 scrolls of teleportation
 F - 2 scrolls of fog
 H - a scroll of summoning
 K - a scroll of holy word
 R - 11 scrolls of blinking
 T - 2 scrolls of silence
Potions
 d - 10 potions of might
 f - 12 potions of heal wounds
 g - 27 potions of curing
 j - 6 potions of cancellation
 k - 6 potions of haste
 m - 3 potions of berserk rage
 p - 10 potions of magic
 r - a potion of ambrosia
 s - 4 potions of resistance
 E - 4 potions of restore abilities
 L - 5 potions of invisibility
 N - 8 potions of agility
 P - 2 potions of cure mutation
 V - a potion of lignification
Miscellaneous
 a - a phantom mirror
Comestibles
 c - 20 bread rations
 A - 3 royal jellies
 C - 10 meat rations


   Skills:
 + Level 21.7 Fighting
 - Level 22.0 Maces & Flails
 + Level 20.8 Armour
 + Level 16.7 Dodging
 - Level 2.1 Stealth
 - Level 15.7 Shields
 - Level 2.0 Spellcasting
   Level 1.1 Conjurations
   Level 2.4 Air Magic
 * Level 23.5 Invocations


You had 30 spell levels left.
You didn't know any spells.

Dungeon Overview and Level Annotations

Branches:
Dungeon (15/15)            Temple (0/1) D:7            Lair (8/8) D:8
  Swamp (5/5) Lair:6        Snake (5/5) Lair:4        Slime (0/6) Lair:8
    Orc (4/4) D:12            Elf (3/3) Orc:4        Vaults (5/5) D:13
  Crypt (3/3) Vaults:2       Tomb (0/3) Crypt:3      Depths (5/5) D:15
    Zot (5/5) Depths:5

Altars:
Cheibriados
Fedhas
Kikubaaqudgha
Okawaru
Qazlal
Ru
Trog
Vehumet
Xom
Yredelemnul
Zin
The Shining One
Beogh

Shops:
D:7 (:(*   D:9 !   Orc:4 ![(!   Vaults:2 (   Depths:2 [   Depths:5 [

Portals:
Hell: Depths:1 Depths:2 Depths:3 Depths:4 Depths:5
Abyss: Depths:1 Depths:3 Depths:4
Pandemonium: Depths:1 Depths:3

Annotations:
Lair:7 exclusion: oklob plant


Innate Abilities, Weirdness & Mutations

You are resistant to torment.
You are immune to poison.
You can fly continuously.
Your stone body is very resilient (AC +20).
Your wings are large and strong.
You resist negative energy.
You are resistant to electric shocks.
You can survive without breathing.
You are immune to petrification.
You are immune to rotting.
You have sharp toenails.
You are clumsy. (Dex -2)
You are resistant to hostile enchantments.
You heal slowly when monsters are visible.


Message History

You sense a powerful magical force warping space.
There is a stone staircase leading down here.
You see here a +0 robe.
A quasit comes into view.
You hit the quasit but do no damage. You block the quasit's attack.
The quasit claws you but does no damage.
You block the quasit's attack.
You hit the quasit!
You kill the quasit!
Okawaru accepts your kill.
No target in view!
No target in view!
(D) Dungeon (T) Temple (L) Lair (S) Swamp (P) Snake Pit (M) Slime Pits (O) Orcish Mines (E) Elven Halls (V) Vaults (C) Crypt (W) Tomb (U) Depths (H) Hell (Z) Zot
Where to? (Enter - D:1 @ (x,y), ? - help)
There is an open door here.
There is a staircase leading out of the dungeon here.
You have escaped!

..# #.....#.#.#
#......#.### ..#
#.......#'##########.#
..######.......#≈.≈≈..P#
#.#
.............###≈≈..PP≈#
#.#
...............#≈P≈.P≈≈#
#.#
.........#.#####≈P≈..≈≈#
#.#
...######......#....≈≈≈#
#.# ...# ##.########.≈≈.#
#.### ...# #.# #@..≈≈≈P#
#...# ...# #.# #########
###†# ...## #.# ########
#.# ....#
####.########......# #.#
.#..#
#.............####.####.#
.#..#
#.#####.####..##........#
....###.#####.#
#.....#.######
...........##.# ##.####.#
.#..###.##.##.# #.####.#


There were no monsters in sight!

Vanquished Creatures
  Tiamat (Zot:1)
  2 orbs of fire (Zot:5)
  3 ancient liches (Zot:5)
  the Lernaean hydra (Swamp:5)
  Margery (Crypt:3)
  Norris (Swamp:2)
  3 caustic shrikes
  Mennas (Vaults:4)
  A Killer Klown (Zot:5)
  20 golden dragons
  A profane servitor (Crypt:3)
  4 bone dragons
  2 electric golems
  Nikola (Swamp:4)
  13 tentacled monstrosities
  21 Orb Guardians (Zot:5)
  3 liches
  5 deep elf blademasters
  4 deep elf master archers (Elf:3)
  3 quicksilver dragons
  A titan (Vaults:4)
  A Shadow Fiend (Crypt:3)
  A sphinx (Depths:2)
  8 ancient champions
  Rupert (Lair:5)
  Agnes (Crypt:3)
  17 storm dragons
  2 thorn hunters
  3 tengu reavers
  7 shadow dragons
  A draconian monk (Zot:3)
  8 greater nagas
  3 revenants
  7 fire giants
  Donald (Crypt:3)
  Wiglaf (Vaults:1)
  9 deep elf sorcerers
  6 frost giants
  9 vault wardens
  2 draconian scorchers
  3 iron dragons (Zot:1)
  Aizul (Elf:1)
  Louise (Swamp:3)
  A balrug (Vaults:1)
  3 ghost moths
  4 draconian knights
  A curse skull (Crypt:3)
  2 orc warlords (Orc:4)
  3 draconian zealots
  3 emperor scorpions
  9 ghouls
  3 spriggan defenders
  13 very ugly things
  12 ironheart preservers
  5 draconian shifters
  6 draconian annihilators
  2 draconian callers
  19 stone giants
  5 grey draconians
  3 deep elf annihilators (Elf:3)
  9 green draconians
  6 vampire knights
  2 deep elf demonologists (Elf:3)
  3 white draconians
  6 dire elephants
  9 red draconians
  2 purple draconians
  A spectral titan (Crypt:1)
  5 yellow draconians
  The ghost of Virusyak the Fighter, a powerful CeFi (D:13)
  9 mottled draconians
  9 pale draconians
  A green death (Depths:1)
  An eidolon (Crypt:1)
  Snorg (D:15)
  5 minotaurs
  9 deep elf death magi
  A mummy priest (Crypt:2)
  An unborn (Crypt:3)
  A merfolk impaler (Depths:1)
  6 great orbs of eyes
  7 ettins
  29 vault guards
  22 fire dragons
  27 jiangshi
  2 deep elf high priests (Elf:3)
  13 yaktaur captains
  7 death cobs
  Fannar (Orc:3)
  26 hydras
  A great orb of eyes (shapeshifter) (Depths:2)
  10 naga warriors
  26 ice dragons
  5 rakshasas
  4 spriggan air magi
  8 deep troll earth magi
  The ghost of Pr0man the Carver, an experienced NaFi of Cheibriados (D:8)
  3 catoblepae
  11 anacondas
  Erica (Orc:3)
  14 ogre magi
  8 alligators
  8 deep troll shamans
  3 centaur warriors
  15 dancing weapons (Elf:2)
  27 death yaks
  5 death knights
  2 hell beasts
  3 orc high priests
  5 vampire magi
  8 spriggan berserkers
  13 naga sharpshooters
  2 soul eaters (Crypt:1)
  13 spriggans
  Nergalle (D:11)
  10 shock serpents
  The ghost of hornqvist the Cudgeler, an experienced NaFi of Cheibriados (D:7)
  An ice devil (Vaults:2)
  An iron troll (Depths:3)
  3 shadow wraiths
  22 deep trolls
  34 skeletal warriors
  8 hell knights
  21 deep elf knights
  A sea snake (shapeshifter) (Elf:1)
  A fire crab (Vaults:2)
  A salamander mystic (Snake:5)
  A spectral emperor scorpion (Crypt:2)
  An anaconda zombie (Crypt:1)
  A giant orange brain (Depths:4)
  8 sea snakes (Snake:5)
  4 spriggan druids
  A death drake (Zig:3)
  6 flayed ghosts
  7 deep elf summoners
  A ghost moth zombie (Crypt:1)
  5 naga ritualists
  A shambling mangrove (Swamp:3)
  12 swamp dragons
  5 unseen horrors
  3 lindwurms (Depths:2)
  11 harpies
  10 ironbrand convokers
  11 orc knights
  10 hill giants
  12 deep elf conjurers
  A swamp dragon (shapeshifter) (Vaults:5)
  6 orc sorcerers
  A harpy (shapeshifter) (Vaults:1)
  8 necromancers
  11 oklob plants (Zot:3)
  A lindwurm (shapeshifter) (Vaults:3)
  An iron dragon zombie (Crypt:2)
  10 mana vipers
  8 hornets
  2 orb spiders (Zig:5)
  A tengu skeleton (D:15)
  5 wolf spiders
  4 griffons
  4 wizards
  54 ugly things
  6 salamanders
  2 shadow dragon skeletons
  17 moths of wrath
  A rust devil (Orc:4)
  6 cyclopes
  2 manticores
  25 black mambas
  A centaur zombie (D:13)
  Maurice (D:8)
  17 naga magi
  10 elephants
  A sixfirhy (Orc:4)
  2 frost giant skeletons
  2 gargoyles
  Joseph (D:10)
  An eye of devastation (Lair:8)
  A guardian serpent (shapeshifter) (Vaults:5)
  A spriggan zombie (Depths:5)
  4 phantasmal warriors
  10 vault sentinels
  A fire giant skeleton (Crypt:1)
  7 guardian serpents
  A torpor snail (Depths:3)
  2 orange demons
  Psyche (D:8)
  A shock serpent skeleton (Crypt:2)
  14 spiny frogs
  12 komodo dragons
  2 emperor scorpion zombies
  5 kobold demonologists
  5 trolls
  The ghost of wanderer1 the Skirmisher, an experienced GrGl of Makhleb (D:4)
  A spiny frog (shapeshifter) (Depths:4)
  A yaktaur (shapeshifter) (Vaults:2)
  9 freezing wraiths
  52 yaktaurs
  An elf (shapeshifter) (Vaults:1)
  A demonic crawler (Depths:2)
  A silent spectre (Zig:4)
  13 baby alligators
  A two-headed ogre (shapeshifter) (Vaults:3)
  2 guardian mummies (Crypt:1)
  A jumping spider (Vaults:3)
  12 deep elf priests
  16 polar bears
  A blue devil (Depths:3)
  A wind drake (shapeshifter) (Vaults:4)
  A harpy skeleton (D:15)
  8 large abominations (Depths:1)
  34 slime creatures
  7 giant leeches
  An ushabti (Crypt:2)
  Prince Ribbit (Lair:3)
  6 blink frogs
  A minotaur skeleton (D:15)
  A raiju (shapeshifter) (Vaults:4)
  11 ravens
  4 boulder beetles
  13 bog bodies
  14 two-headed ogres
  A troll (shapeshifter) (Vaults:3)
  A trapdoor spider zombie (D:12)
  2 ettin zombies
  3 slime creatures (shapeshifter)
  A fire dragon zombie (Crypt:1)
  4 ice dragon zombies
  An ettin skeleton (Crypt:3)
  58 flying skulls
  5 basilisks
  2 wyverns
  2 tarantellas (Vaults:3)
  A spriggan (shapeshifter) (Depths:3)
  4 vampires
  2 ynoxinuls
  15 redbacks
  A shapeshifter (Vaults:4)
  A trapdoor spider (Zig:5)
  An alligator skeleton (Crypt:2)
  2 water elementals
  A stone giant simulacrum (Vaults:3)
  46 yaks
  14 wraiths
  33 vampire mosquitoes
  3 small abominations (Depths:1)
  8 hippogriffs
  28 deep elf fighters
  24 deep elf magi
  A hog (D:8)
  7 air elementals
  A steam dragon (D:7)
  A human (D:8)
  4 chaos spawn
  10 shadows
  A harpy simulacrum (Crypt:1)
  A hungry ghost (Crypt:2)
  26 water moccasins
  15 wolves (IceCv)
  A hill giant skeleton (Crypt:1)
  45 nagas
  2 water nymph zombies (Crypt:1)
  3 mottled dragons
  A soldier ant (D:15)
  10 insubstantial wisps
  3 wargs
  18 swamp worms
  2 ice beasts
  4 hell hounds (Depths:2)
  39 ogres
  16 swamp drakes
  A spiny frog zombie (Crypt:1)
  A snapping turtle zombie (Crypt:3)
  A sky beast (shapeshifter) (Vaults:1)
  4 black bears
  13 wasps
  53 orc warriors
  An eye of draining (Lair:8)
  5 sky beasts
  8 porcupines
  An eye of draining (shapeshifter) (Vaults:2)
  A lindwurm skeleton (Crypt:1)
  2 phantoms
  9 necrophages
  A boring beetle (shapeshifter) (Vaults:2)
  A boring beetle (Lair:8)
  17 crocodiles
  An elephant skeleton (Crypt:1)
  13 centaurs
  Sigmund (D:7)
  A big kobold (D:8)
  24 boggarts
  A fire drake zombie (Crypt:2)
  20 giant frogs
  A hog skeleton (Crypt:2)
  A brain worm (Lair:5)
  Blork the orc (D:7)
  4 elf zombies
  2 wyvern zombies
  A komodo dragon skeleton (Crypt:1)
  5 scorpions
  A snapping turtle simulacrum (Crypt:1)
  A queen bee zombie (Crypt:1)
  9 wights
  A polar bear zombie (Crypt:2)
  A troll skeleton (D:7)
  A goliath beetle (D:8)
  6 crimson imps
  2 electric eels (D:12)
  A wasp zombie (Depths:5)
  3 giant frog zombies
  13 human zombies
  Crazy Yiuf (D:3)
  2 giant frog skeletons
  12 hounds
  11 iguanas
  40 orc priests
  5 centaur skeletons
  A jelly (D:4)
  43 orc wizards
  2 human skeletons (Crypt:1)
  A quasit (D:1)
  9 worker ants
  A lightning spire (Zig:5)
  6 hell rats
  3 killer bee zombies
  A big kobold zombie (Ossuary)
  A felid zombie (Crypt:1)
  26 sheep
  2 hound zombies
  9 mummies
  8 gnolls
  66 river rats
  17 adders
  3 shadow imps
  12 white imps (D:15)
  A swamp drake skeleton (Crypt:1)
  A worm (shapeshifter) (Vaults:1)
  4 worms
  A giant mite (D:6)
  A lava snake zombie (Crypt:2)
  2 adder skeletons (D:4)
  3 adder zombies
  8 giant geckos
  2 oozes
  275 orcs
  2 ball pythons (D:4)
  9 bats
  A bat skeleton (D:6)
  A bat zombie (D:7)
  8 giant cockroaches
  26 goblins
  25 hobgoblins
  11 jackals
  19 kobolds
  10 quokkas
  A ball python skeleton (D:4)
  A giant gecko skeleton (D:8)
  2 giant newts (D:1)
  A goblin zombie (Ossuary)
  10 hobgoblin zombies (Ossuary)
  2 jackal zombies (Ossuary)
  8 kobold zombies (Ossuary)
  An orc skeleton (Crypt:2)
  12 orc zombies
  A quokka zombie (Crypt:2)
  16 rats
  A rat zombie (Ossuary)
  2 briar patches
  A bush (Zot:3)
  2 fungi
  7 plants
2876 creatures vanquished.

Vanquished Creatures (collateral kills)
  A hound (Lair:2)
1 creature vanquished.

Vanquished Creatures (others)
  A ghost moth (Zig:5)
  A shadow wraith (Crypt:2)
  A flying skull (Crypt:2)
  A deep elf mage (Elf:1)
  2 wolves (IceCv)
  A naga (Snake:5)
  An ogre (Depths:3)
  3 boggarts
  6 lost souls
  2 orcs
  3 fungi
  5 plants
27 creatures vanquished.

Grand Total: 2904 creatures vanquished

Notes
Turn   | Place    | Note
--------------------------------------------------------------
     0 | D:1      | HungrySpirit, the Gargoyle Air Elementalist, began the quest for the Orb.
     0 | D:1      | Reached XP level 1. HP: 10/10 MP: 3/3
   123 | D:1      | Reached skill level 1 in Fighting
   127 | D:1      | Reached XP level 2. HP: 13/16 MP: 4/4
   206 | D:1      | Reached skill level 1 in Maces & Flails
   644 | D:1      | Reached XP level 3. HP: 20/20 MP: 6/6
   659 | D:1      | Reached skill level 1 in Armour
  1234 | D:2      | Reached XP level 4. HP: 24/26 MP: 7/7
  1431 | D:2      | Reached skill level 3 in Maces & Flails
  1674 | D:3      | Reached XP level 5. HP: 31/31 MP: 9/9
  1768 | D:3      | Found a sacrificial altar of Ru.
  1985 | D:3      | Noticed Crazy Yiuf
  1992 | D:3      | Killed Crazy Yiuf
  1992 | D:3      | Reached skill level 4 in Maces & Flails
  2357 | D:4      | Reached XP level 6. HP: 37/37 MP: 10/10
  2395 | D:4      | Noticed an ogre
  2402 | D:4      | Killed an ogre
  2431 | D:4      | Reached skill level 5 in Maces & Flails
  2745 | D:4      | Noticed wanderer1's ghost (experienced GrGl)
  3027 | D:4      | Killed wanderer1's ghost
  3027 | D:4      | Reached skill level 6 in Maces & Flails
  3027 | D:4      | Reached XP level 7. HP: 36/44 MP: 12/12
  3356 | D:4      | Found a blossoming altar of Fedhas.
  3356 | D:4      | Found a glowing silver altar of Zin.
  3356 | D:4      | Found an iron altar of Okawaru.
  3365 | D:4      | Became a worshipper of Warmaster Okawaru
  3603 | D:5      | Entered Level 5 of the Dungeon
  3615 | D:5      | Reached skill level 5 in Fighting
  3676 | D:5      | Reached XP level 8. HP: 47/49 MP: 13/13
  3729 | D:5      | Reached skill level 7 in Maces & Flails
  3746 | D:5      | Found a sand-covered staircase.
  3750 | Ossuary  | Entered an ossuary
  3888 | Ossuary  | Acquired Okawaru's first power
  4641 | D:5      | Reached skill level 8 in Maces & Flails
  5054 | D:6      | Reached XP level 9. HP: 53/56 MP: 14/14
  5103 | D:6      | Reached skill level 9 in Maces & Flails
  5405 | D:7      | Found a staircase to the Ecumenical Temple.
  5492 | D:7      | Found Ovuog's Book Boutique.
  5499 | D:7      | Found Zaofiora's Antique Weapon Boutique.
  5560 | D:7      | Bought a runed flail for 87 gold pieces
  5649 | D:7      | Found Jukiss' Weapon Emporium.
  5782 | D:7      | Noticed Sigmund
  5788 | D:7      | Killed Sigmund
  5788 | D:7      | Reached skill level 1 in Invocations
  5792 | D:7      | Reached skill level 10 in Maces & Flails
  5871 | D:7      | Noticed Blork the orc
  5871 | D:7      | Noticed hornqvist's ghost (experienced NaFi)
  5905 | D:7      | Killed hornqvist's ghost
  5905 | D:7      | Reached skill level 5 in Armour
  5905 | D:7      | Reached XP level 10. HP: 50/64 MP: 14/16
  5908 | D:7      | Killed Blork the orc
  5991 | D:7      | Found a basalt altar of Yredelemnul.
  6185 | D:7      | Found Fekahyh's Assorted Antiques.
  6199 | D:7      | Bought a glowing fluorescent wand for 112 gold pieces
  6342 | D:8      | Noticed Maurice
  6501 | D:8      | Reached skill level 11 in Maces & Flails
  6651 | D:8      | Found a staircase to the Lair.
  6673 | D:8      | Noticed Pr0man's ghost (experienced NaFi)
  6674 | D:8      | Noticed Psyche
  6694 | D:8      | Killed Pr0man's ghost
  6695 | D:8      | Killed Psyche
  6695 | D:8      | Acquired Okawaru's second power
  6714 | D:8      | Found a snail-covered altar of Cheibriados.
  6820 | D:8      | Reached skill level 5 in Invocations
  6855 | D:8      | Reached XP level 11. HP: 57/71 MP: 19/19
  6991 | D:8      | Killed Maurice
  7483 | D:7      | Bought an ichor-stained whip for 210 gold pieces
  7483 | D:7      | Identified the +1 whip of the Dungeon {speed, *Rage rN+ Str+3 Int+4} (You bought it in a shop on level 7 of the Dungeon)
  7648 | D:9      | Received a gift from Okawaru
  7903 | D:9      | Found a stormy altar of Qazlal.
  7909 | D:9      | Reached skill level 12 in Maces & Flails
  7925 | D:9      | Found Kaurutta's Distillery.
  8253 | D:9      | Found a glowing golden altar of the Shining One.
  8693 | D:10     | Entered Level 10 of the Dungeon
  8708 | D:10     | Noticed a hill giant
  8716 | D:10     | Killed a hill giant
  8803 | D:10     | Noticed Joseph
  8818 | D:10     | Killed Joseph
  9043 | D:10     | Noticed a hill giant
  9050 | D:10     | Killed a hill giant
  9164 | D:11     | Found a labyrinth entrance.
  9174 | Lab      | Entered a labyrinth
  9343 | Lab      | Noticed a minotaur
  9351 | Lab      | Killed a minotaur
  9351 | Lab      | Reached skill level 10 in Fighting
  9394 | D:11     | Noticed Nergalle
  9399 | D:11     | Killed Nergalle
  9504 | D:11     | Killed an unseen horror
  9504 | D:11     | Reached XP level 12. HP: 71/77 MP: 21/21
  9683 | D:11     | Reached skill level 13 in Maces & Flails
 10563 | D:12     | Found a staircase to the Orcish Mines.
 11270 | Lair:1   | Entered Level 1 of the Lair of Beasts
 11320 | Lair:1   | Received a gift from Okawaru
 12498 | Lair:2   | Noticed a five-headed hydra
 12503 | Lair:2   | Killed a five-headed hydra
 13172 | Lair:3   | Reached skill level 14 in Maces & Flails
 13197 | Lair:3   | Noticed Prince Ribbit
 13214 | Lair:3   | Killed Prince Ribbit
 13214 | Lair:3   | Reached XP level 13. HP: 46/84 MP: 22/22
 13529 | Lair:3   | Reached skill level 5 in Dodging
 13578 | Lair:3   | Noticed a fire dragon
 13596 | Lair:3   | Killed a fire dragon
 14440 | Lair:4   | Found a staircase to the Snake Pit.
 15214 | Lair:5   | Reached skill level 10 in Armour
 15272 | Lair:5   | Noticed Rupert
 15299 | Lair:5   | Killed Rupert
 15299 | Lair:5   | Received a gift from Okawaru
 15816 | Lair:5   | Reached skill level 15 in Maces & Flails
 16316 | Lair:6   | Found a staircase to the Swamp.
 16649 | Lair:7   | Found a stormy altar of Qazlal.
 16696 | Lair:7   | Gained mutation: Your wings are large and strong. [gargoyle growth]
 16696 | Lair:7   | Reached XP level 14. HP: 68/92 MP: 23/23
 17044 | Lair:7   | Got a bound lapis lazuli ring
 17045 | Lair:7   | Identified the ring of the Manifold Wishes {AC+1 Dex+5} (You found it on level 7 of the Lair of Beasts)
 17073 | Lair:7   | Received a gift from Okawaru
 17823 | Lair:8   | Entered Level 8 of the Lair of Beasts
 17928 | Lair:8   | Received a gift from Okawaru
 18002 | Lair:8   | Reached skill level 16 in Maces & Flails
 18243 | Lair:8   | Found a staircase to the Slime Pits.
 19725 | Orc:1    | Entered Level 1 of the Orcish Mines
 20827 | Orc:2    | Reached XP level 15. HP: 99/99 MP: 24/24
 21289 | Orc:3    | Noticed Erica
 21304 | Orc:3    | Killed Erica
 21370 | Orc:3    | Found a bloodstained altar of Trog.
 21404 | Orc:3    | Noticed Fannar
 21416 | Orc:3    | Killed Fannar
 21603 | Orc:3    | Found a radiant altar of Vehumet.
 22221 | Orc:4    | Entered Level 4 of the Orcish Mines
 22316 | Orc:4    | Found a roughly hewn altar of Beogh.
 22379 | Orc:4    | Found a staircase to the Elven Halls.
 22474 | Orc:4    | Found a roughly hewn altar of Beogh.
 22490 | Orc:4    | Found Urih's Distillery.
 22654 | Orc:4    | Found a roughly hewn altar of Beogh.
 22654 | Orc:4    | Found Fac Jaek's Distillery.
 22666 | Orc:4    | Received a gift from Okawaru
 22701 | Orc:4    | Bought a potion of heal wounds for 55 gold pieces
 22930 | Orc:4    | Found a roughly hewn altar of Beogh.
 22965 | Orc:4    | Found a roughly hewn altar of Beogh.
 22976 | Orc:4    | Found a roughly hewn altar of Beogh.
 23160 | Orc:4    | Found a roughly hewn altar of Beogh.
 23399 | Orc:4    | Found a roughly hewn altar of Beogh.
 23404 | Orc:4    | Found Mnod's Antique Weapon Emporium.
 23449 | Orc:4    | Found Pido's Antique Armour Shoppe.
 23464 | Orc:4    | Bought a buckler for 121 gold pieces
 23546 | Orc:4    | Bought a potion of cure mutation for 490 gold pieces
 23546 | Orc:4    | Bought a potion of mutation for 35 gold pieces
 23546 | Orc:4    | Bought a potion of heal wounds for 70 gold pieces
 23546 | Orc:4    | Bought a potion of agility for 56 gold pieces
 23546 | Orc:4    | Bought a potion of curing for 42 gold pieces
 23546 | Orc:4    | Bought a potion of haste for 140 gold pieces
 23546 | Orc:4    | Bought a potion of curing for 42 gold pieces
 23546 | Orc:4    | Bought a potion of agility for 56 gold pieces
 23546 | Orc:4    | Gained mutation: Your body is slowly deteriorating. [potion of mutation]
 23547 | Orc:4    | Gained mutation: You heal slowly when monsters are visible. [potion of mutation]
 23547 | Orc:4    | Gained mutation: You are resistant to hostile enchantments. [potion of mutation]
 23547 | Orc:4    | Gained mutation: You are clumsy. (Dex -2) [potion of mutation]
 23548 | Orc:4    | Lost mutation: Your body is slowly deteriorating. [potion of cure mutation]
 23711 | D:13     | Noticed Virusyak's ghost (powerful CeFi)
 23719 | D:13     | Killed Virusyak's ghost
 24094 | D:13     | Received a gift from Okawaru
 24100 | D:13     | Got a scorched ring mail {god gift}
 24101 | D:13     | Identified the +1 ring mail of the Sailor {rElec MR+ rCorr Dex-4 Slay+3} (Okawaru gifted it to you on level 13 of the Dungeon)
 24206 | D:13     | Found a gate to the Vaults.
 24361 | D:13     | Found a radiant altar of Vehumet.
 25117 | D:14     | Reached skill level 17 in Maces & Flails
 25628 | D:15     | Entered Level 15 of the Dungeon
 25724 | D:15     | Found a frozen archway.
 25777 | IceCv    | Entered an ice cave
 26139 | IceCv    | Noticed a frost giant
 26186 | IceCv    | Killed a frost giant
 26213 | IceCv    | Got a twitching lapis lazuli ring
 26214 | IceCv    | Identified the ring "Pnocvu Kyge" {Ice Dex+3} (You found it in an ice cave)
 26464 | D:15     | Noticed Snorg
 26473 | D:15     | Killed Snorg
 26473 | D:15     | Reached XP level 16. HP: 63/106 MP: 24/27
 26870 | D:15     | Found a staircase to the Depths.
 26898 | D:15     | Received a gift from Okawaru
 27868 | Snake:1  | Entered Level 1 of the Snake Pit
 28035 | Snake:1  | Reached skill level 1 in Shields
 28773 | Snake:2  | Received a gift from Okawaru
 28778 | Snake:2  | Got a distressingly furry helmet {god gift}
 28926 | Snake:2  | Identified the +2 helmet of the Beggar {-Cast rF+ Str+5 Int-3 Dex+4} (Okawaru gifted it to you on level 2 of the Snake Pit)
 30183 | Snake:3  | Reached skill level 5 in Shields
 30507 | Snake:3  | Received a gift from Okawaru
 30524 | Snake:3  | Reached skill level 18 in Maces & Flails
 30903 | Snake:4  | Reached XP level 17. HP: 112/112 MP: 28/28
 31349 | Snake:5  | Entered Level 5 of the Snake Pit
 31354 | Snake:5  | Reached skill level 15 in Fighting
 31838 | Snake:5  | Received a gift from Okawaru
 31919 | Snake:5  | Got an encrusted chain mail {god gift}
 31920 | Snake:5  | Identified the +0 chain mail of Darr {Stlth+} (Okawaru gifted it to you on level 5 of the Snake Pit)
 32210 | Snake:5  | Reached skill level 10 in Dodging
 32919 | Snake:5  | Reached skill level 19 in Maces & Flails
 32935 | Snake:5  | Received a gift from Okawaru
 33056 | Snake:5  | Got a serpentine rune of Zot
 33667 | Swamp:1  | Entered Level 1 of the Swamp
 33743 | Swamp:1  | Reached XP level 18. HP: 80/120 MP: 29/29
 33988 | Swamp:1  | Found a stormy altar of Qazlal.
 34503 | Swamp:2  | Noticed Norris
 34519 | Swamp:2  | Killed Norris
 34637 | Swamp:2  | Found a shimmering altar of Xom.
 35394 | Swamp:3  | Noticed Louise
 35408 | Swamp:3  | Killed Louise
 35445 | Swamp:3  | Received a gift from Okawaru
 35447 | Swamp:3  | Got a pitted eveningstar {god gift}
 35448 | Swamp:3  | Identified the +6 eveningstar "Struf" {drain, rF+ MR+} (Okawaru gifted it to you on level 3 of the Swamp)
 36597 | Swamp:4  | Noticed Nikola
 36624 | Swamp:4  | Killed Nikola
 36873 | Swamp:5  | Entered Level 5 of the Swamp
 37101 | Swamp:5  | Noticed the 27-headed Lernaean hydra
 37113 | Swamp:5  | Killed the 27-headed Lernaean hydra
 37113 | Swamp:5  | Received a gift from Okawaru
 37114 | Swamp:5  | Reached skill level 20 in Maces & Flails
 37118 | Swamp:5  | Reached XP level 19. HP: 121/126 MP: 24/29
 37172 | Swamp:5  | Got a decaying rune of Zot
 38238 | Vaults:1 | Entered Level 1 of the Vaults
 38278 | Vaults:1 | Reached skill level 15 in Armour
 38313 | Vaults:1 | Noticed Wiglaf
 38318 | Vaults:1 | Killed Wiglaf
 39332 | Vaults:2 | Found a staircase to the Crypt.
 39332 | Vaults:2 | Found a basalt altar of Yredelemnul.
 39333 | Vaults:2 | Found an ancient bone altar of Kikubaaqudgha.
 39372 | Vaults:2 | Received a gift from Okawaru
 39418 | Vaults:2 | Found Ytsocwuige's Weapon Emporium.
 40194 | Vaults:2 | Reached XP level 20. HP: 133/133 MP: 30/30
 40678 | Vaults:3 | Received a gift from Okawaru
 40823 | Vaults:3 | Identified a scroll of acquirement
 40931 | Vaults:3 | Reached skill level 21 in Maces & Flails
 41248 | Vaults:3 | Reached skill level 10 in Shields
 41444 | Vaults:3 | Found Ufiuroli's Weapon Shop.
 41744 | Vaults:4 | Received a gift from Okawaru
 42555 | Vaults:4 | Reached XP level 21. HP: 140/140 MP: 31/31
 43124 | Depths:1 | Entered Level 1 of the Depths
 43307 | Depths:1 | Found a gateway to Hell.
 43847 | Depths:1 | Found a one-way gate leading to the halls of Pandemonium.
 44013 | Depths:1 | Found a one-way gate to the infinite horrors of the Abyss.
 44770 | Depths:2 | Found Nuehaf's Armour Shop.
 44827 | Depths:1 | Received a gift from Okawaru
 45160 | Depths:2 | Reached skill level 22 in Maces & Flails
 45487 | Depths:2 | Noticed a caustic shrike
 45496 | Depths:2 | Killed a caustic shrike
 45700 | Depths:2 | Received a gift from Okawaru
 46354 | Depths:3 | Reached XP level 22. HP: 112/147 MP: 31/31
 46492 | Depths:3 | Noticed a caustic shrike
 46628 | Depths:3 | Found a gateway to a ziggurat.
 46674 | Zig:1    | Entered Level 1 of a ziggurat
 46689 | Zig:2    | Entered Level 2 of a ziggurat
 46920 | Zig:3    | Entered Level 3 of a ziggurat
 46954 | Zig:4    | Entered Level 4 of a ziggurat
 47108 | Zig:5    | Entered Level 5 of a ziggurat
 47749 | Depths:3 | Noticed a caustic shrike
 47750 | Depths:3 | Received a gift from Okawaru
 47763 | Depths:3 | Killed a caustic shrike
 48076 | Depths:3 | Killed a caustic shrike
 49016 | Depths:5 | Entered Level 5 of the Depths
 49202 | Depths:5 | Reached XP level 23. HP: 104/153 MP: 32/32
 49227 | Depths:5 | Received a gift from Okawaru
 49538 | Depths:5 | Found Pnueroaj's Antique Armour Shoppe.
 49625 | Depths:5 | Reached skill level 15 in Shields
 50060 | Depths:5 | Found a gate to the Realm of Zot.
 50236 | Depths:5 | Received a gift from Okawaru
 51393 | Elf:1    | Entered Level 1 of the Elven Halls
 51401 | Elf:1    | Got a distressingly furry helmet
 51402 | Elf:1    | Identified the +0 helmet of Good Intentions {rC+} (You acquired it on level 1 of the Elven Halls)
 51683 | Elf:1    | Noticed Aizul
 51698 | Elf:1    | Killed Aizul
 51889 | Elf:1    | Received a gift from Okawaru
 52684 | Elf:2    | Found a runed gate.
 52685 | Elf:2    | Found a runed gate.
 52685 | Elf:2    | Found a runed gate.
 53209 | Elf:3    | Entered Level 3 of the Elven Halls
 53282 | Elf:3    | Found a radiant altar of Vehumet.
 53357 | Elf:3    | Reached XP level 24. HP: 137/162 MP: 34/34
 53624 | Elf:3    | Reached skill level 10 in Invocations
 53935 | Elf:3    | Got a glittering golden ring
 54448 | Elf:3    | Received a gift from Okawaru
 54458 | Elf:3    | Got an ancient morningstar {god gift}
 54459 | Elf:3    | Identified the +7 morningstar "Smesatuh" {speed, MR+ MP+9 Dex+3} (Okawaru gifted it to you on level 3 of the Elven Halls)
 54461 | Elf:3    | Identified the ring "Perorho" {Wiz MP+9 Str-3 Slay+3} (You took it off a deep elf blademaster on level 3 of the Elven Halls)
 54607 | Elf:3    | Got a flickering amethyst amulet
 54608 | Elf:3    | Identified the amulet of Fanaticism {Ward rN+ MR++} (You found it on level 3 of the Elven Halls)
 55125 | D:7      | Bought the +7 great mace "Undeadhunter" {disrupt, rN+} for 1317 gold pieces
 55407 | Crypt:1  | Entered Level 1 of the Crypt
 56100 | Crypt:2  | Reached skill level 15 in Dodging
 56285 | Crypt:2  | Gained mutation: You have sharp toenails. [potion of beneficial mutation]
 56358 | Crypt:2  | Received a gift from Okawaru
 56685 | Crypt:2  | Found a basalt altar of Yredelemnul.
 56871 | Crypt:2  | Found an ancient bone altar of Kikubaaqudgha.
 56950 | Crypt:3  | Entered Level 3 of the Crypt
 57053 | Crypt:3  | Found a basalt altar of Yredelemnul.
 57055 | Crypt:3  | Reached XP level 25. HP: 149/169 MP: 37/37
 57120 | Crypt:3  | Noticed Donald
 57123 | Crypt:3  | Killed Donald
 57124 | Crypt:3  | Noticed Margery
 57147 | Crypt:3  | Killed Margery
 57147 | Crypt:3  | Received a gift from Okawaru
 57171 | Crypt:3  | Noticed Agnes
 57180 | Crypt:3  | Killed Agnes
 57761 | Crypt:3  | Got a steaming marble ring
 57762 | Crypt:3  | Identified the ring "Riplymao" {MR+ Slay+6} (You found it on level 3 of the Crypt)
 57833 | Crypt:3  | Found a staircase to the Tomb.
 58475 | Crypt:3  | Received a gift from Okawaru
 58889 | Vaults:5 | Entered Level 5 of the Vaults
 58970 | Vaults:4 | Reached skill level 15 in Invocations
 59278 | Vaults:5 | Noticed Mennas
 59299 | Vaults:4 | Killed Mennas
 59369 | Vaults:5 | Reached XP level 26. HP: 141/177 MP: 39/39
 59406 | Vaults:5 | Got a silver rune of Zot
 60010 | Zot:1    | Entered Level 1 of the Realm of Zot
 60189 | Zot:1    | Received a gift from Okawaru
 60289 | Zot:1    | Noticed Tiamat
 60316 | Zot:1    | Killed Tiamat
 60316 | Zot:1    | Received a gift from Okawaru
 60604 | Zot:1    | Got a vibrating lead ring
 60605 | Zot:1    | Identified the ring "Niutipno" {rPois rN+ Slay+2} (You found it on level 1 of the Realm of Zot)
 63128 | Zot:3    | Reached XP level 27. HP: 156/182 MP: 42/42
 63550 | Zot:3    | Received a gift from Okawaru
 65019 | Zot:4    | Received a gift from Okawaru
 65422 | Zot:5    | Entered Level 5 of the Realm of Zot
 65891 | Zot:5    | Noticed an ancient lich
 65901 | Zot:5    | Killed an ancient lich
 65919 | Zot:5    | Noticed an ancient lich
 65931 | Zot:5    | Killed an ancient lich
 65965 | Zot:5    | Noticed an orb of fire
 65969 | Zot:5    | Noticed an orb of fire
 65975 | Zot:5    | Killed an orb of fire
 65975 | Zot:5    | Reached skill level 23 in Invocations
 65991 | Zot:5    | Killed an orb of fire
 65997 | Zot:5    | Noticed an ancient lich
 66026 | Zot:5    | Killed an ancient lich
 66275 | Zot:5    | Received a gift from Okawaru
 66292 | Zot:5    | Got the Orb of Zot
 66652 | Depths:1 | Noticed a seraph
 67045 | D:$      | Escaped with the Orb!

Action                   |  1- 3 |  4- 6 |  7- 9 | 10-12 | 13-15 | 16-18 | 19-21 | 22-24 | 25-27 || total
-------------------------+-------+-------+-------+-------+-------+-------+-------+-------+-------++-------
Melee: Unarmed           |     9 |       |       |       |       |       |       |       |       ||     9
       Mace              |    74 |   182 |   350 |   822 |   566 |       |       |       |       ||  1994
       Dire flail        |       |       |       |       |   972 |   128 |       |       |       ||  1100
       Morningstar       |       |       |       |       |   430 |  1034 |       |       |       ||  1464
       Great mace        |       |       |       |       |    12 |       |       |   302 |   295 ||   609
       Eveningstar       |       |       |       |       |       |   224 |   716 |       |       ||   940
       Demon whip        |       |       |       |       |       |       |   534 |  1206 |  1193 ||  2933
Throw: Throwing net      |       |       |       |       |       |       |       |       |     1 ||     1
 Cast: Shock             |     4 |       |       |       |       |       |       |       |       ||     4
Invok: Heroism           |       |       |     3 |     8 |    15 |    13 |     4 |     6 |    10 ||    59
       Finesse           |       |       |       |       |     2 |     2 |       |       |     2 ||     6
 Abil: Fly               |       |       |       |       |     1 |     1 |     1 |     2 |       ||     5
       Stop Flying       |       |       |       |       |       |       |     2 |     2 |       ||     4
Evoke: Wand              |       |     5 |     3 |       |     1 |       |       |     3 |     3 ||    15
  Use: Scroll            |       |     6 |    13 |    13 |    11 |    10 |    17 |    21 |    12 ||   103
       Potion            |       |     4 |     2 |     1 |     4 |     2 |       |     1 |     8 ||    22
 Stab: Paralysed         |       |     1 |       |       |       |       |       |       |       ||     1
       Sleeping          |       |     1 |       |       |       |       |       |       |       ||     1
       Fleeing           |       |       |       |       |     2 |       |       |       |       ||     2
       Petrifying        |       |       |       |       |       |       |       |     2 |       ||     2
       Petrified         |       |       |       |       |       |       |       |     1 |       ||     1
       Distracted        |       |       |       |       |       |       |       |     1 |     1 ||     2
       Confused          |       |       |       |       |       |       |       |       |     2 ||     2
  Eat: Chunk             |    10 |     6 |     9 |    23 |    30 |     9 |    12 |     3 |       ||   102
       Fruit             |       |       |       |       |     7 |     4 |     3 |    12 |     6 ||    32
       Royal jelly       |       |       |       |       |     2 |     1 |       |     3 |       ||     6
       Beef jerky        |       |       |       |       |     4 |     7 |     4 |     4 |     3 ||    22
       Meat ration       |       |       |       |       |     1 |       |       |       |     5 ||     6
       Pizza             |       |       |       |       |       |     6 |     6 |     3 |       ||    15
       Bread ration      |       |       |       |       |       |     1 |       |     1 |     1 ||     3
